[Event "BL 2016-17"]
[Site "Germany"]
[Date "2017.04.08"]
[Round "11"]
[White "Unzicker, Ferdinand"]
[Black "Boguslawski, Oleg"]
[Result "1/2-1/2"]
[ECO "E44"]
[WhiteElo "2280"]
[BlackElo "2424"]
[Annotator "NA"]
[PlyCount "58"]
[EventDate "2017.??.??"]
[EventType "team-tourn"]
[EventCountry "GER"]
[SourceTitle "playchess.com"]
[Source "ChessBase"]
[SourceQuality "1"]
[WhiteTeam "Bayern München"]
[BlackTeam "Hockenheim"]
[TimeControl "40/6000+30:3000+30"]

1. d4 Nf6 2. c4 e6 3. Nc3 Bb4 4. e3 b6 5. Nge2 Bb7 6. a3 Bxc3+ 7. Nxc3 O-O 8. b4 d6 9. f3 Nbd7 10. Be2 Qe7 11. O-O c5 12. Rb1 Rfd8 13. Qd2 Rac8 14. Rd1 cxd4 15. Qxd4 d5 16. cxd5 {[%emt 0:00:35] ex} exd5 17. Bb2 $14 Re8 18. Bb5 Qxe3+ 19. Qxe3 Rxe3 20. Bxd7 Nxd7 21. Nxd5 Bxd5 22. Rxd5 Nf8 23. Rd2 Ne6 24. Kf2 Rb3 25. Re1 a5 26. bxa5 bxa5 27. Re3 Rb5 28. Re5 Rxe5 29. Bxe5 f6 1/2-1/2

[Event "BL 2016-17"]
[Site "Jenbach"]
[Date "2017.04.22"]
[Round "11"]
[White "Blohberger, Felix"]
[Black "Koffler, Daniel"]
[Result "1-0"]
[ECO "A13"]
[WhiteElo "2265"]
[BlackElo "2126"]
[Annotator "NA"]
[PlyCount "45"]
[EventDate "2017.??.??"]
[EventCountry "AUT"]
[SourceTitle "playchess.com"]
[Source "ChessBase"]
[SourceQuality "1"]
[WhiteTeam "Wien-SK Ottakring"]
[BlackTeam "Nickelsdorf"]
[TimeControl "40/5400+30:1800+30"]

1. c4 e6 2. Nc3 d5 3. e3 Nf6 4. Nf3 Be7 5. b3 O-O 6. Bb2 b6 7. d4 Bb7 8. cxd5 exd5 9. Bd3 Nbd7 10. O-O Re8 11. Ne5 {[%emt 0:17:22] LiveBook: 8 Games} Nxe5 12. dxe5 Nd7 13. Qc2 ({Stronger than} 13. Qh5 g6 14. Qd1 (14. Qh6 Nxe5 15. Be2 f5 $17) 14... Nxe5 $17) 13... g6 14. e6 Nc5 15. exf7+ Kxf7 16. Be2 $16 Bf6 17. Rad1 c6 18. b4 Ne6 19. f4 Kg8 20. f5 Nf8 21. fxg6 hxg6 22. Rxf6 Qxf6 23. Nxd5 1-0

[Event "BL 2016-17"]
[Site "Jenbach"]
[Date "2017.04.22"]
[Round "11"]
[White "Kuntner, Reinhard"]
[Black "Steiner, Adam"]
[Result "1/2-1/2"]
[ECO "A22"]
[WhiteElo "2021"]
[BlackElo "2220"]
[Annotator "ChessBase"]
[PlyCount "144"]
[EventDate "2017.??.??"]
[EventCountry "AUT"]
[SourceTitle "playchess.com"]
[Source "ChessBase"]
[SourceQuality "1"]
[WhiteTeam "Nickelsdorf"]
[BlackTeam "Wien-SK Ottakring"]
[TimeControl "40/5400+30:1800+30"]

1. c4 e5 2. Nc3 Nf6 3. e4 Bc5 4. h3 O-O 5. Nf3 Re8 6. d3 h6 7. g4 Nh7 8. h4 d5 9. g5 d4 10. Nb1 h5 11. Rg1 g6 12. Be2 Kg7 13. Nh2 Rh8 14. Nd2 Nc6 15. a3 a5 16. Ndf1 Nf8 17. Ng3 Ne6 18. Bxh5 gxh5 19. g6 f6 20. Nf5+ Kg8 21. Nh6+ Rxh6 22. Bxh6 Ng7 23. Bxg7 Kxg7 24. Qxh5 Qh8 25. Qxh8+ Kxh8 26. h5 Bf8 27. Ke2 Bh6 28. Kf3 a4 29. Rab1 Na5 30. g7+ Bxg7 31. Rg6 Kh7 32. Rbg1 Bh8 33. Rg8 b6 34. R1g3 f5 35. R8g6 fxe4+ 36. Kxe4 Bb7+ 37. Kf5 Rf8+ 38. Kg5 Bg7 39. Ng4 Nc6 40. h6 Bh8 41. Nf6+ Bxf6+ 42. Rxf6 Nd8 43. Rxf8 Ne6+ 44. Kf6 Nxf8 45. Kxe5 Kxh6 46. Kxd4 Ng6 47. Kc3 Kg7 48. d4 Kf6 49. Re3 Ne7 50. d5 Bc8 51. Re1 Bd7 52. Kb4 c5+ 53. dxc6 Bxc6 54. b3 axb3 55. Kxb3 Nf5 56. Kc3 Nd6 57. Kb4 Nb7 58. Kc3 Nc5 59. Rb1 Ke5 60. Rg1 Be4 61. Kb4 Kd4 62. Rg5 Nd3+ 63. Kb5 Nxf2 64. Kxb6 Kxc4 65. a4 Nd3 66. a5 Nb4 67. Rg4 Kd4 68. Kb5 Nd5 69. Rxe4+ Kxe4 70. Kc5 Ke5 71. a6 Nc7 72. a7 Na8 1/2-1/2